 Dungeon Crawl Stone Soup version 0.27.0-1-g7a08968 (webtiles) character file.

Game seed: 10739002908016483110

36 NeededCrab the Insei (level 3, 0/23 HPs)
             Began as an Octopode Transmuter on Oct 14, 2021.
             Killed from afar by a dart slug (5 damage)
             ... with a slug dart
             ... on level 2 of the Dungeon.
             The game lasted 00:02:40 (1609 turns).

NeededCrab the Insei (Octopode Transmuter)          Turns: 1609, Time: 00:02:41

Health: 0/23       AC:  1    Str:  9    XL:     3   Next: 37%
Magic:  5/6        EV: 13    Int: 16    God:
Gold:   65         SH:  0    Dex: 12    Spells: 3/6 levels left

rFire    . . .     SeeInvis .     - Unarmed
rCold    . . .     Faith    .   (no shield)
rNeg     . . .     Spirit   .   (helmet restricted)
rPois    .         Reflect  .   (no amulet)
rElec    .         Harm     .   (no ring)
rCorr    .         Rampage  .   (no ring)
Will     .....                  (no ring)
Stlth    ++........             (no ring)
HPRegen  0.07/turn              (no ring)
MPRegen  0.10/turn              (no ring)
                                (no ring)
                                (no ring)

@: no status effects
A: almost no armour, amphibious, 8 rings, camouflage 1, gelatinous body 1,
(nimble swimmer 1), tentacles
a: no special abilities


You were on level 2 of the Dungeon.
You visited 1 branch of the dungeon, and saw 2 of its levels.

You collected 65 gold pieces.

Inventory:

Scrolls
 b - 5 scrolls of identify {unknown}
 c - a scroll of acquirement {unknown}
 d - a scroll of enchant weapon {unknown}
Potions
 a - a potion of curing {unknown}


   Skills:
 - Level 1.0 Fighting
 - Level 2.0 Dodging
 * Level 3.4 Unarmed Combat
 + Level 2.2 Spellcasting
 * Level 2.7 Transmutations
 + Level 1.1 Poison Magic


You had 3 spell levels left.
You knew the following spells:

 Your Spells              Type           Power      Damage    Failure   Level
a - Beastly Appendage     Tmut           20%        N/A       7%          1
b - Wereblood             Tmut           10%        N/A       10%         2

Your spell library contained the following spells:

 Spells                   Type           Power      Damage    Failure   Level
 Magic Dart               Conj           4%         1d3       21%         1
 Spider Form              Tmut/Pois      3%         N/A       28%         3
 Call Imp                 Summ           1%         N/A       30%         2
 Mephitic Cloud           Conj/Pois/Air  3%         N/A       45%         3
 Ice Form                 Ice/Tmut       6%         N/A       75%         4


Dungeon Overview and Level Annotations

Branches:
Dungeon (2/15)

Altars:


Innate Abilities, Weirdness & Mutations

You cannot wear most types of armour.
You are amphibious.
You can wear up to eight rings at the same time.
Your skin changes colour to match your surroundings (Stealth+).
Your rubbery body absorbs attacks. (AC +1, EV +1)
((You are camouflaged near water. (Stealth+)))
You have tentacles for arms and can constrict up to eight enemies at once.


Message History

You are frozen.
You tentacle-slap the endoplasm.
You pierce the endoplasm.
You kill the endoplasm!
A dart slug comes into view.
You have reached level 3!
Your experience leads to an increase in your attributes!
Increase (S)trength, (I)ntelligence, or (D)exterity?
You feel clever.
You closely miss the goblin. Your grab misses the goblin.
The goblin hits you with a +0 dagger.
You tentacle-slap the goblin. You grab the goblin. You squeeze the goblin.
You kill the goblin!
Your transformation is almost over.
A gnoll comes into view. It is wielding a +0 whip.
The quokka misses you.
Things that are here:
a +0 dagger; a goblin corpse You tentacle-slap the quokka.
Your grab misses the quokka.
You squeeze the quokka, but do no damage.
The quokka is severely wounded.
The quokka misses you. The dart slug launches a dart at you.
The slug dart hits you.
You tentacle-slap the quokka.
You kill the quokka!
You tentacle-slap the gnoll. You grab the gnoll. You squeeze the gnoll!
You kill the gnoll!
A gnoll comes into view. It is wielding a +0 spear.
The dart slug launches a dart at you. The slug dart hits you.
You are too injured to fight recklessly!
Things that are here:
a +0 dagger; a goblin corpse Your tentacle spike disappears.
The dart slug launches a dart at you. The slug dart hits you.
* * * LOW HITPOINT WARNING * * *
The dart slug launches a dart at you. The slug dart hits you.
You die...

# # # .. # ..####### #
........# #
........############ #
...................#####
..[....@##########.....#
>.....(......# #####..
.............# ##.
########.....# ##
###.....# #### #.......#
.... #.#.....# ...
........w######### ..
###.##....).)......


You could see a dart slug.

Vanquished Creatures
  A gnoll (D:2)
  5 endoplasms
  2 goblins
  3 hobgoblins
  4 jackals (D:1)
  3 quokkas
  A bat (D:1)
  A frilled lizard (D:1)
  A kobold (D:2)
  2 rats
23 creatures vanquished.

Notes
Turn   | Place    | Note
-------+----------+-------------------------------------------
     0 | D:1      | NeededCrab the Octopode Transmuter began the quest for the
                  | Orb.
     0 | D:1      | Reached XP level 1. HP: 13/13 MP: 3/3
   236 | D:1      | Found a faded altar of an unknown god.
   339 | D:1      | You fall into a shaft and drop 1 floor!
   389 | D:1      | Reached XP level 2. HP: 13/18 MP: 5/5
   973 | D:1      | Learned a level 2 spell: Wereblood
  1505 | D:2      | Reached skill level 1 in Poison Magic
  1594 | D:2      | Reached XP level 3. HP: 17/23 MP: 4/6
  1609 | D:2      | Killed from afar by a dart slug

Illustrated notes

Levels and vault maps discovered:
D:1:      lemuel_arrival_tunnels, layout_basic,
          shapermc_ecumenical_altar_mp_highgroup
D:2:      cheibrodos_pilgrimage, layout_rooms, basic_altar, minmay_door_square

Skill      XL: |  1  2 |
---------------+-------+-----
Poison Magic   | 1 |  1.1
Fighting       | |  1.0
Dodging        | |  2.0
Unarmed Combat | |  3.4
Spellcasting   | |  2.2
Transmutations | |  2.7

Action                   || total
-------------------------++-------
Melee: Unarmed           ||    46
       Constrict         ||    11
       Kick              ||     8
       Tentacles         ||     5
       Punch             ||     1
 Cast: Beastly Appendage ||    11
       Wereblood         ||     1
 Stab: Sleeping          ||     4
       Distracted        ||     1
Armor: Skin              ||     4
Dodge: Dodged            ||    20
